 Dungeon Crawl Stone Soup version 0.24-a0-537-g2d01d4ab0a (webtiles) character file.

Game seed: 4576324440272874571

13610 Napalmbreeze the Grappler (level 11, -6/113 HPs)
             Began as a Troll Monk on Aug 15, 2019.
             Was a Priest of Ru.
             Mangled by an eight-headed hydra (14 damage)
             ... on level 11 of the Dungeon.
             The game lasted 00:23:47 (8565 turns).

Napalmbreeze the Grappler (Troll Monk)              Turns: 8565, Time: 00:23:48

Health: -6/113     AC:  6    Str: 24    XL:     11   Next: 77%
Magic:  19/19      EV: 14    Int:  6    God:    Ru [***...]
Gold:   413        SH:  3    Dex: 17    Spells: 10/10 levels left

rFire    . . .     SeeInvis .     - Unarmed
rCold    . . .     Gourm    +   (no shield)
rNeg     . . .     Faith    .   s - +0 robe of the Quahog {+Inv Dex+5} (curse)
rPois    .         Spirit   .   (helmet restricted)
rElec    .         Reflect  +   (no cloak)
rCorr    .         Harm     .   (gloves unavailable)
MR       .....                  (boots unavailable)
Stlth    ++........             r - +3 amulet of reflection
HPRegen  0.68/turn              y - ring of magical power
MPRegen  0.16/turn              (no ring)

@: no status effects
A: large, unfitting armour, claws 3, fast metabolism 3, gourmand, regeneration
1, screaming 1, shaggy fur 1, tough skin 3, no earth magic, no necromancy magic,
no translocations magic, disrupted magic 1, unskilled 1
a: Draw Out Power, Renounce Religion, Evoke Invisibility


You were on level 11 of the Dungeon.
You worshipped Ru.
Ru was most pleased with you.
You were very full.

You visited 1 branch of the dungeon, and saw 10 of its levels.

You collected 581 gold pieces.
You spent 168 gold pieces at shops.

Inventory:

Missiles
 v - 4 large rocks (quivered)
Armour
 s - the cursed +0 robe of the Quahog (worn) {+Inv Dex+5}
   (You found it on level 7 of the Dungeon)

   It affects your dexterity (+5).
   It lets you turn invisible.
   It has a curse placed upon it.
Jewellery
 r - a +3 amulet of reflection (around neck)
 y - a ring of magical power (left claw)
 K - an uncursed amulet of regeneration
Wands
 d - a wand of acid (3)
 C - a wand of scattershot (7)
 D - a wand of enslavement (19)
 E - a wand of iceblast (10)
 G - a wand of random effects (17)
 H - a wand of polymorph (4)
 J - a wand of paralysis (12)
Scrolls
 e - 4 scrolls of enchant armour
 h - 2 scrolls of fog
 i - a scroll of fear
 j - 11 scrolls of remove curse
 n - a scroll of amnesia
 o - 2 scrolls of blinking
 u - 2 scrolls of enchant weapon
 w - 2 scrolls of magic mapping
 B - 6 scrolls of teleportation
Potions
 a - a potion of curing
 c - a potion of flight
 f - 4 potions of might
 g - 4 potions of brilliance
 k - 4 potions of degeneration
 m - a potion of agility
 p - a potion of resistance {unknown}
 q - 3 potions of lignification
 t - 2 potions of mutation {unknown}
 z - a potion of cancellation {unknown}
 A - 2 potions of haste {unknown}
 F - 2 potions of heal wounds
 I - 2 potions of magic {unknown}
Comestibles
 b - 25 rations
 l - 6 chunks of flesh


   Skills:
 * Level 8.6 Fighting
 - Level 5.0 Throwing
 + Level 6.4 Dodging
 - Level 0.9 Stealth
 + Level 11.6 Unarmed Combat


You had 10 spell levels left.
You didn't know any spells.
Your spell library contained the following spells:

 Spells                   Type           Power        Failure   Level  Hunger
 Animate Skeleton         Necr           Unusable     N/A         1    N/A
 Pain                     Necr           Unusable     N/A         1    N/A
 Regeneration             Chrm/Necr      Unusable     N/A         3    N/A
 Vampiric Draining        Necr           Unusable     N/A         3    N/A
 Animate Dead             Necr           Unusable     N/A         4    N/A

Dungeon Overview and Level Annotations

Branches:
Dungeon (11/15)            Temple (0/1) D:5            Lair (0/6) D:9
    Orc: D:9-12

Altars:
Ashenzari
Ru

Shops:
D:10 (   D:11 !

Annotations:
D:11 2 transporters, losten's ghost, journeyman HOFi


Innate Abilities, Weirdness & Mutations

You are too large for most types of armour.
You have claws for hands.
Your metabolism is lightning-fast.
You like to eat raw meat.
Your natural rate of healing is unusually fast.
You occasionally shout uncontrollably at your foes.
You are covered in fur. (AC +1)
You have extremely tough skin. (AC +3)
You cannot study or cast Earth magic.
You cannot study or cast Necromancy magic.
You cannot study or cast Translocations magic.
Your casting is slightly disrupted.
You are somewhat unskilled. (-1 Apt)


Message History

The five-headed hydra grows two more!
You mangle the seven-headed hydra!!
The seven-headed hydra is heavily wounded.
Unknown command.
You barely miss the seven-headed hydra.
The seven-headed hydra is heavily wounded.
The seven-headed hydra bites you! The seven-headed hydra bites you.
* * * LOW HITPOINT WARNING * * *
The seven-headed hydra bites you!
* * * LOW HITPOINT WARNING * * *
The seven-headed hydra bites you.
* * * LOW HITPOINT WARNING * * *
The seven-headed hydra barely misses you.
You block the seven-headed hydra's attack.
The seven-headed hydra bites you!
* * * LOW HITPOINT WARNING * * *
You claw one of the seven-headed hydra's heads off!
The six-headed hydra grows two more!
You claw the eight-headed hydra!
The eight-headed hydra is heavily wounded.
The eight-headed hydra bites you!
You die...

#####.# #........#.....####©#
......######.......#####.........
######.............# #.###.#.##
#.#####..(....# #.# # #.#
#.......# #.# ######.##
#..##.#######.#
....#...####.............# .
..∩........##.##D######### .
...........##.##@# .
.......#......##[#
.................#
#.......<..[..####
#...#.........# #####.........#
.........#### #####....# #....#


You could see an eight-headed hydra.

Vanquished Creatures
  Harold (D:9)
  A queen ant (D:11)
  An unseen horror (D:9)
  5 gargoyles (D:7)
  A kobold demonologist (D:11)
  A queen bee (D:10)
  Grinder (D:6)
  4 hippogriffs
  Sigmund (D:6)
  6 yaks
  A human (D:7)
  A basilisk (D:9)
  A vampire (D:10)
  2 hogs (D:7)
  2 soldier ants (D:11)
  2 water moccasins
  An orc warrior (D:11)
  5 black bears
  4 phantoms
  7 sky beasts
  An eye of draining (D:11)
  5 ice beasts
  A necrophage (D:9)
  4 ogres
  3 centaurs
  A crocodile (D:9)
  2 big kobolds
  3 bullfrogs
  2 gnoll sergeants
  4 scorpions
  15 killer bees
  14 wights
  4 crimson imps
  A quasit (D:7)
  3 centaur zombies
  9 hounds
  A jelly (D:10)
  A bullfrog skeleton (D:4)
  8 orc priests
  2 iguanas
  5 orc wizards
  Natasha (D:2)
  21 worker ants
  2 hound zombies
  A hound skeleton (D:4)
  A worker ant zombie (D:6)
  9 adders
  11 gnolls
  3 shadow imps
  An ooze (D:1)
  2 adder skeletons
  4 worms
  2 dart slugs (D:1)
  9 leopard geckos
  34 orcs
  A ball python (D:2)
  8 giant cockroaches
  3 goblins
  6 hobgoblins
  17 jackals
  16 kobolds
  6 quokkas
  4 bats
  2 frilled lizards
  A jackal zombie (D:5)
  7 rats
309 creatures vanquished.

Vanquished Creatures (others)
  A hippogriff (D:9)
  A hog (D:7)
  An orc (D:7)
  A kobold (D:9)
4 creatures vanquished.

Grand Total: 313 creatures vanquished

Notes
Turn   | Place    | Note
-------+----------+-------------------------------------------
     0 | D:1      | Napalmbreeze the Troll Monk began the quest for the Orb.
     0 | D:1      | Reached XP level 1. HP: 22/22 MP: 0/0
    63 | D:1      | Reached XP level 2. HP: 29/29 MP: 1/1
   355 | D:1      | Reached XP level 3. HP: 37/37 MP: 2/2
   859 | D:2      | Found a sacrificial altar of Ru.
   882 | D:2      | Became a worshipper of Ru the Awakened
   883 | D:2      | Gained mutation: You are somewhat unskilled. (-1 Apt) [Ru
                  | sacrifice]
   883 | D:2      | Reached * piety under Ru
   883 | D:2      | Reached ** piety under Ru
   914 | D:2      | Reached XP level 4. HP: 43/45 MP: 3/3
   943 | D:2      | Noticed Natasha
   965 | D:2      | Killed Natasha
  1232 | D:2      | You fall into a shaft and drop 2 floors!
  1273 | D:4      | Reached XP level 5. HP: 51/53 MP: 4/4
  1376 | D:4      | Noticed an ice beast
  1386 | D:4      | Killed an ice beast
  1412 | D:4      | Reached XP level 6. HP: 62/62 MP: 5/5
  1685 | D:4      | Reached skill level 4 in Unarmed Combat
  1720 | D:4      | Found a shattered altar of Ashenzari.
  1909 | D:5      | Entered Level 5 of the Dungeon
  2114 | D:5      | Noticed a sky beast
  2131 | D:5      | Killed a sky beast
  2140 | D:5      | Reached XP level 7. HP: 68/71 MP: 6/6
  2364 | D:5      | Reached skill level 5 in Fighting
  2364 | D:5      | Reached skill level 1 in Throwing
  2577 | D:5      | Reached XP level 8. HP: 58/80 MP: 7/7
  2582 | D:5      | Reached skill level 5 in Unarmed Combat
  2839 | D:5      | Found a staircase to the Ecumenical Temple.
  2926 | D:6      | Noticed Grinder
  3101 | D:6      | Noticed Sigmund
  3121 | D:6      | Killed Sigmund
  3351 | D:6      | Killed Grinder
  3351 | D:6      | Reached XP level 9. HP: 84/92 MP: 8/8
  3470 | D:6      | Gained mutation: You cannot study or cast Earth magic. [Ru
                  | sacrifice]
  3470 | D:6      | Gained mutation: You cannot study or cast Necromancy magic.
                  | [Ru sacrifice]
  3470 | D:6      | Gained mutation: You cannot study or cast Translocations
                  | magic. [Ru sacrifice]
  3470 | D:6      | Reached *** piety under Ru
  3815 | D:6      | Reached skill level 6 in Unarmed Combat
  3981 | D:7      | Reached skill level 5 in Dodging
  4012 | D:7      | Noticed a gargoyle
  4026 | D:7      | Killed a gargoyle
  4154 | D:7      | Noticed a gargoyle
  4157 | D:7      | Killed a gargoyle
  4167 | D:7      | Noticed a gargoyle
  4175 | D:7      | Killed a gargoyle
  4247 | D:7      | Noticed a gargoyle
  4251 | D:7      | Killed a gargoyle
  4259 | D:7      | Noticed a gargoyle
  4265 | D:7      | Killed a gargoyle
  4265 | D:7      | Reached XP level 10. HP: 38/104 MP: 9/9
  4435 | D:7      | HP: 5/156 [black bear (4)]
  4444 | D:7      | HP: 5/104 [poisoned by a killer bee]
  4748 | D:7      | Got an ancient robe
  4759 | D:7      | Identified the cursed +0 robe of the Quahog {+Inv Dex+5}
                  | (You found it on level 7 of the Dungeon)
  4882 | D:7      | Reached skill level 5 in Throwing
  4936 | D:7      | Reached skill level 7 in Unarmed Combat
  5427 | D:8      | Gained mutation: You occasionally shout uncontrollably at
                  | your foes. [Ru sacrifice]
  5514 | D:8      | Reached skill level 8 in Unarmed Combat
  5860 | D:9      | Reached skill level 9 in Unarmed Combat
  5865 | D:9      | Noticed Harold
  5882 | D:9      | Killed Harold
  6036 | D:9      | Reached XP level 11. HP: 78/111 MP: 10/10
  6228 | D:9      | Found a staircase to the Lair.
  6242 | D:9      | Reached skill level 10 in Unarmed Combat
  6439 | D:9      | Killed an unseen horror
  6870 | D:10     | Entered Level 10 of the Dungeon
  6969 | D:10     | Found Cuju's Antique Weapon Boutique.
  7543 | D:10     | Reached skill level 11 in Unarmed Combat
  7756 | D:11     | Found Nyifa's Distillery.
  8028 | D:11     | Identified the +5 war axe of Yging {chaos, Dex+2}
  8038 | D:11     | Noticed a queen ant
  8063 | D:11     | Killed a queen ant
  8214 | D:10     | Gained mutation: Your casting is slightly disrupted. [Ru
                  | sacrifice]
  8223 | D:11     | Bought a potion of curing for 42 gold pieces
  8223 | D:11     | Bought a potion of flight for 42 gold pieces
  8223 | D:11     | Bought a potion of degeneration for 14 gold pieces
  8223 | D:11     | Bought a potion of heal wounds for 70 gold pieces
  8380 | D:11     | Found a transporter.
  8384 | D:11     | Noticed losten's ghost (journeyman HOFi)
  8399 | D:11     | Found a transporter.
  8426 | D:11     | Noticed a four-headed hydra
  8565 | D:11     | Mangled by an eight-headed hydra

Levels and vault maps discovered:
D:1:      onia_arrival_handbag, layout_loops_cross,
          chequers_serial_rivers_micro_b, hex_tiny,
          wander_ebering_terrifying_dragon_lair
D:2:      layout_basic, nicolae_ru_great_annihilating_truth, uniq_natasha
D:4:      layout_basic, ashenzari_conservatory_becter, kennysheep_flooded_box
D:5:      layout_basic, minmay_temple_entry_proselytizer, first_ration
D:6:      layout_cave_pools, minmay_starry_boxes, uniq_grinder, uniq_sigmund
D:7:      cheibrodos_statue_roulette, layout_cave_pools, grunt_livestock
D:8:      layout_rooms, minmay_misc_feat_four_crosses
D:9:      layout_roguey, david_lair_generic, serial_corexii_hall,
          corexii_hall_statues_x, chequers_hall_statues_y, uniq_harold
D:10:     layout_long_grid, serial_shops, nicolae_shop_trees,
          nicolae_looking_at_the_future
D:11:     layout_loops_ring, gammafunk_ghost_stat_death, serial_shops, shop,
          minmay_another_anthill

Skill      XL: |  1  2  3  4  5  6  7  8  9 10 11 |
---------------+----------------------------------+-----
Fighting       | 3 3 4 5 6 7 8 |  8.6
Stealth        | 0 |  0.9
Dodging        | 3 4 5 6 |  6.4
Unarmed Combat | 4 5 6 9 11 | 11.6
Throwing       | 1 3 4 5 |  5.0

Action                   |  1- 3 |  4- 6 |  7- 9 | 10-12 || total
-------------------------+-------+-------+-------+-------++-------
Melee: Unarmed           |   119 |   149 |   270 |   511 ||  1049
       Punch             |     1 |     4 |     9 |    32 ||    46
Throw: Large rock        |       |       |     1 |       ||     1
Invok: Sacrifice Skill   |     1 |       |       |       ||     1
       Draw Out Power    |       |       |     1 |     1 ||     2
       Sacrifice Arcana  |       |       |     1 |       ||     1
       Sacrifice Purity  |       |       |       |     1 ||     1
       Sacrifice Essence |       |       |       |     1 ||     1
  Use: Potion            |       |       |     1 |     8 ||     9
       Scroll            |       |       |       |    13 ||    13
 Stab: Paralysed         |     4 |       |       |       ||     4
       Sleeping          |     3 |     2 |       |     3 ||     8
       Invisible         |       |       |       |     2 ||     2
       Distracted        |       |       |       |     1 ||     1
  Eat: Chunk             |    14 |    11 |    19 |    39 ||    83
Armor: Robe              |    52 |    34 |    58 |   132 ||   276
       Skin              |       |       |    19 |       ||    19
Dodge: Dodged            |    64 |    71 |   124 |   292 ||   551
Block: Other             |       |     2 |    16 |    59 ||    77
       Reflection        |       |       |     1 |     1 ||     2

Table legend:
 A = Non-vault XP
 B = Vault XP
 C = Vault XP percentage of total XP
 D = Non-vault monster count
 E = Vault monster count
 F = Vault count percentage of total count
                 A         B        C        D         E       F
            +---------+---------+-------+---------+---------+-------
      Total |   11521 |    7922 |  40.7 |     255 |      56 |  18.0
            +---------+---------+-------+---------+---------+-------
        D:1 |      52 |       7 |  11.9 |      24 |       5 |  17.2
        D:2 |      66 |      43 |  39.4 |      21 |       5 |  19.2
        D:4 |     375 |       0 |   0.0 |      22 |       0 |   0.0
        D:5 |    1173 |      43 |   3.5 |      32 |       1 |   3.0
        D:6 |    1041 |     574 |  35.5 |      28 |       4 |  12.5
        D:7 |    1188 |    2983 |  71.5 |      34 |      10 |  22.7
        D:8 |     949 |       0 |   0.0 |      16 |       0 |   0.0
        D:9 |    3221 |    1737 |  35.0 |      33 |       5 |  13.2
       D:10 |    1288 |     943 |  42.3 |      20 |      11 |  35.5
       D:11 |    2168 |    1592 |  42.3 |      25 |      15 |  37.5
            +---------+---------+-------+---------+---------+-------
